 Dungeon Crawl Stone Soup version 0.19.0-24-gb05acd6 (webtiles) character file.

751 shmeve the Ducker (level 7, -1/55 HPs)
             Began as a Vampire Berserker on Nov 21, 2016.
             Was a Priest of Trog.
             Slain by a mummy (12 damage)
             ... in an ossuary.
             The game lasted 00:07:37 (3297 turns).

shmeve the Ducker (Vampire Berserker)               Turns: 3297, Time: 00:07:37

Health: -1/55      AC:  9    Str: 20    XL:     7   Next: 49%
Magic:  7/7        EV: 13    Int:  9    God:    Trog [***...]
Gold:   255        SH:  0    Dex: 14    Spells: 0 memorised, 6 levels left

rFire  . . .     SeeInvis +     h - +0 war axe
rCold  . . .     Gourm    .     i - +0 ring mail
rNeg   . . .     Faith    .     (no shield)
rPois  .         Spirit   .     (no helmet)
rElec  .         Reflect  .     (no cloak)
rCorr  .         Harm     .     (no gloves)
MR     .....                    (no boots)
Stlth  ++........               (no amulet)
                                j - +4 ring of protection
                                k - +2 ring of strength

@: exhausted, regenerating quickly, slowed, very slow
A: fangs 3, see invisible, unbreathing
a: Berserk, Trog's Hand, Burn Spellbooks, Renounce Religion


You were in an ossuary.
You worshipped Trog.
Trog was most pleased with you.
You were very full.

You visited 1 branch of the dungeon, and saw 5 of its levels.
You also visited: Ossuary.

You collected 255 gold pieces.

Inventory:

Hand Weapons
 h - a +0 war axe (weapon)
Armour
 i - a +0 ring mail (worn)
Jewellery
 j - a +4 ring of protection (right hand)
 k - a +2 ring of strength (left hand)
Wands
 p - a wand of lightning (4/15)
Scrolls
 a - 2 scrolls of fear {unknown}
 b - 8 scrolls of identify {unknown}
 d - 2 scrolls of teleportation {unknown}
 f - 2 scrolls of remove curse {unknown}
 g - 4 scrolls of enchant armour {unknown}
 l - a scroll of random uselessness {unknown}
 n - a scroll of amnesia {unknown}
 o - 2 scrolls of enchant weapon {unknown}
Potions
 c - 11 potions of blood
 e - a potion of curing
 m - a potion of cancellation {unknown}


   Skills:
 * Level 4.8 Fighting
 * Level 4.5 Axes
 + Level 2.6 Armour
 * Level 5.1 Dodging
 + Level 4.1 Stealth


You had 6 spell levels left.
You didn't know any spells.

Dungeon Overview and Level Annotations

Branches:
Dungeon (5/15)
 Temple: D:4-7

Altars:


Innate Abilities, Weirdness & Mutations

Your natural rate of healing is unusually fast.
You have razor-sharp teeth.
You have supernaturally acute eyesight. (SInv)
You can survive without breathing.


Message History

* * * LOW HITPOINT WARNING * * *
The mummy closely misses you.
Unknown command.
You closely miss the mummy.
The mummy is heavily damaged.
Your ring mail prevents you from hitting the mummy.
The mummy hits you.
* * * LOW HITPOINT WARNING * * *
The mummy hits you but does no damage.
You slash the mummy!
You destroy the mummy!
Trog accepts your kill.
You hit the mummy but do no damage. The mummy closely misses you.
The mummy hits you.
* * * LOW HITPOINT WARNING * * *
Unknown command.
You hit the mummy but do no damage. You bite the mummy, but do no damage.
The mummy is almost destroyed.
The mummy hits you!
You die...

... ##..##......#
...##....##.....#
................#
...............#
..............#
##........##'#
##......##^.##
##....##....##
#....#....@.##
#....#.....M.#
#....#....!..#
#....#....!$.#
#....#...!.$##
#....##...$$#
#....##..!$##
#.∩∩.###.!$#
###### #####


You could see a mummy.

Vanquished Creatures
  An ice beast (D:4)
  A phantom (D:4)
  Blork the orc (D:5)
  A scorpion (D:4)
  2 hounds (D:4)
  An iguana (D:4)
  3 worker ants (D:4)
  A hound skeleton (D:4)
  7 mummies (Ossuary)
  4 adders
  7 gnolls
  2 worms
  4 leopard geckos
  6 orcs
  2 ball pythons
  5 giant cockroaches
  2 gnoll zombies (Ossuary)
  11 goblins
  10 hobgoblins
  4 quokkas
  A ball python skeleton (D:4)
  8 bats
  5 frilled lizards
  A hobgoblin zombie (Ossuary)
  5 kobolds
  A kobold zombie (Ossuary)
  4 orc zombies (Ossuary)
  5 rats
105 creatures vanquished.

Notes
Turn   | Place    | Note
-------+----------+-------------------------------------------
     0 | D:1      | shmeve the Vampire Berserker began the quest for the Orb.
     0 | D:1      | Reached XP level 1. HP: 17/17 MP: 1/1
    62 | D:1      | Reached skill level 1 in Stealth
    62 | D:1      | Reached XP level 2. HP: 23/23 MP: 2/2
   842 | D:1      | Reached XP level 3. HP: 28/28 MP: 3/3
  1014 | D:2      | Reached skill level 3 in Dodging
  1340 | D:2      | Reached ** piety under Trog
  1408 | D:2      | Reached XP level 4. HP: 28/35 MP: 4/4
  1570 | D:3      | Found a faded altar of an unknown god.
  2207 | D:3      | Reached XP level 5. HP: 30/41 MP: 5/5
  2307 | D:4      | Noticed a phantom
  2361 | D:4      | Killed a phantom
  2361 | D:4      | Reached *** piety under Trog
  2361 | D:4      | Reached skill level 4 in Dodging
  2406 | D:4      | Reached XP level 6. HP: 40/48 MP: 6/6
  2739 | D:4      | Noticed an ice beast
  2765 | D:4      | Killed an ice beast
  2765 | D:4      | Reached XP level 7. HP: 10/55 MP: 7/7
  3177 | D:5      | Entered Level 5 of the Dungeon
  3177 | D:5      | Noticed Blork the orc
  3205 | D:5      | Killed Blork the orc
  3215 | D:5      | Found a sand-covered staircase.
  3220 | Ossuary  | Entered an ossuary
  3258 | Ossuary  | Reached skill level 5 in Dodging
  3297 | Ossuary  | Slain by a mummy

Skill      XL: |  1  2  3  4  5  6  7 |
---------------+----------------------+-----
Stealth        | 1 2 3 4 |  4.1
Axes           | 3 4 |  4.5
Dodging        | 3 4 5 |  5.1
Fighting       | 3 4 |  4.8
Armour         | 2 |  2.6

Action                   |  1- 3 |  4- 6 |  7- 9 || total
-------------------------+-------+-------+-------++-------
Melee: Hand axe          |    30 |       |       ||    30
       Bite              |     6 |    15 |     7 ||    28
       War axe           |    39 |   155 |    53 ||   247
Invok: Berserk           |     1 |       |     1 ||     2
       Burn Spellbooks   |       |     1 |       ||     1
  Use: Potion            |     2 |     4 |     3 ||     9
 Stab: Sleeping          |     1 |       |     1 ||     2
  Eat: Corpse            |     6 |     8 |       ||    14
Armor: Animal skin       |    16 |       |       ||    16
       Ring mail         |       |    65 |    14 ||    79
Dodge: Dodged            |    74 |   155 |    43 ||   272
